Map: Daybreak LE (Void)

Players

JimRising

  • Race: Zerg Zerg
  • League: Grandmaster
  • Spawn Location: 1:00

PtitDrogo - Winner!

  • Race: Protoss Protoss
  • League: Master
  • Spawn Location: 7:00

Event: NationWars IV

VOD

Have the link to the VOD?

Description

Time

  • Played on: Jan. 5, 2017, 2:14 p.m.
  • Length: 16:46
Show
View Real Time Build Order
Export as new Build Order

JimRising Zerg 

Build Orders: Hatch First, Muta Ling Bane 

Get SALT Encoding   

  12  0:01  Drone  
  13  0:13  Overlord  
  13  0:18  Drone  
  14  0:32  Drone  
  14  0:33  Drone  
  16  0:36  Drone  
  17  0:53  Hatchery  
  17  0:56  Drone  
  17  1:01  Drone  
  17  1:02  Extractor  
  17  1:16  Spawning Pool  
  16  1:19  Drone  
  16  1:22  Drone  
  18  1:31  Drone  
  19  1:39  Overlord  
  19  1:51  Drone  
  20  2:01  Drone  
  20  2:03  Queen  
  20  2:04  Queen  
  25  2:08  Metabolic Boost  
  25  2:15  Zergling x2  
  26  2:16  Drone  
  26  2:18  Drone  
  28  2:25  Drone  
  29  2:38  Hatchery  
  28  2:45  Queen  
  28  2:48  Zergling x2  
  31  2:57  Drone x4  
  35  3:02  Overlord  
  35  3:07  Drone  
  35  3:12  Spore Crawler  
  35  3:20  Drone  
  35  3:21  Overlord  
  35  3:24  Drone x5  
  41  3:32  Drone x2  
  43  3:36  Evolution Chamber  
  43  3:37  Zergling x2  
  43  3:40  Overlord  
  43  3:49  Zergling x4  
  43  3:50  Overlord  
  45  3:56  Drone x4  
  45  3:57  Drone  
  45  3:59  Queen  
  52  4:03  Zerg Melee Weapons Level 1  
  52  4:07  Overlord  
  52  4:12  Queen  
  52  4:16  Drone x2  
  56  4:19  Spore Crawler  
  56  4:21  Spore Crawler  
  56  4:22  Spore Crawler  
  54  4:24  Drone  
  54  4:28  Drone x2  
  54  4:29  Drone  
  54  4:30  Drone  
  58  4:35  Drone x3  
  61  4:40  Spine Crawler, Drone  
  61  4:44  Zergling x6  
  64  4:51  Zergling x4  
  64  4:52  Zergling x6  
  68  5:01  Lair  
  68  5:02  Zergling x10  
  68  5:05  Baneling Nest  
  72  5:08  Queen  
  62  5:35  Extractor, Drone x2  
  64  5:37  Drone  
  64  5:38  Extractor, Drone  
  64  5:39  Drone x4  
  64  5:40  Drone x4  
  64  5:41  Overlord x2, Drone  
  73  5:43  Drone  
  73  5:47  Zergling x6  
  77  5:51  Zergling x2  
  77  5:52  Zergling x2  
  77  5:56  Extractor  
  78  5:58  Drone, Hatchery  
  78  6:00  Drone  
  78  6:03  Spire  
  78  6:08  Drone x2  
  78  6:10  Extractor  
  78  6:11  Overlord x2  
  79  6:12  Extractor, Drone  
  79  6:16  Hatchery  
  78  6:24  Zergling x10  
  83  6:30  Zergling x4  
  77  6:34  Zergling x8  
  77  6:37  Zergling x4  
  76  6:46  Zergling x6  
  75  6:49  Zergling x6  
  71  6:54  Zergling x6  
  71  6:55  Zergling x2  
  65  7:02  Zergling x4  
  63  7:18  Mutalisk x6  
  63  7:19  Mutalisk  
  75  7:23  Drone x2  
  75  7:25  Drone  
  75  7:26  Drone  
  79  7:31  Mutalisk  
  79  7:34  Drone x2  
  79  7:36  Drone  
  84  7:42  Drone  
  84  7:43  Drone x3  
  87  7:55  Mutalisk  
  87  7:56  Mutalisk x2  
  87  7:57  Drone x2  
  91  8:02  Zergling x4  
  91  8:03  Zergling x2  
  91  8:08  Mutalisk  
  90  8:14  Mutalisk  
  91  8:24  Drone x3  
  91  8:25  Drone x2  
  91  8:26  Drone  
  97  8:30  Zergling x10  
  97  8:31  Mutalisk, Overlord  
  97  8:33  Zergling x4  
  104  8:42  Centrifical Hooks  
  104  8:44  Drone x5  
  104  8:45  Drone  
  110  8:55  Zergling x14  
  117  9:06  Mutalisk  
  117  9:07  Mutalisk x3  
  123  9:10  Zergling x4  
  123  9:11  Zergling x2  
  126  9:20  Mutalisk  
  126  9:22  Overlord x4  
  126  9:23  Overlord  
  126  9:33  Baneling  
  126  9:34  Baneling x13  
  126  9:36  Overlord  
  126  9:42  Mutalisk  
  124  9:50  Mutalisk  
  118  9:53  Zergling x4  
  118  9:59  Zergling x2  
  113  10:00  Zergling x30  
  113  10:03  Mutalisk x2  
  132  10:09  Zergling x2  
  132  10:11  Mutalisk  
  132  10:12  Mutalisk  
  137  10:14  Zergling x4  
  137  10:15  Zergling x10  
  137  10:17  Zergling x4  
  144  10:22  Mutalisk  
  144  10:23  Mutalisk  
  144  10:28  Zergling x8  
  148  10:29  Mutalisk  
  148  10:32  Zergling x4  
  148  10:34  Zergling x4  
  124  10:46  Mutalisk  
  124  10:47  Mutalisk  
  124  10:48  Zergling x4  
  124  10:49  Zergling x8  
  110  10:54  Mutalisk  
  93  10:57  Zergling x4  
  93  10:58  Zergling x12  
  93  11:00  Mutalisk  
  93  11:03  Drone  
  93  11:04  Drone  
  99  11:08  Drone  
  95  11:13  Zerg Flyer Weapons Level 1  
  95  11:14  Drone x3  
  95  11:15  Drone  
  95  11:16  Extractor  
  98  11:18  Extractor, Mutalisk  
  96  11:40  Mutalisk x3  
  96  11:44  Drone x3  
  96  11:45  Drone x3  
  108  11:51  Zerg Melee Weapons Level 2  
  108  11:52  Drone  
  109  11:58  Drone x3  
  112  12:07  Zergling x2  
  112  12:08  Zergling x4  
  115  12:11  Hatchery  
  112  12:26  Mutalisk x3  
  108  12:30  Zergling x20  
  117  12:37  Mutalisk x2  
  117  12:43  Mutalisk x3  
  123  12:45  Mutalisk  
  130  12:58  Zergling x2  
  130  12:59  Zergling x18  
  130  13:01  Baneling  
  130  13:02  Baneling x3  
  137  13:21  Mutalisk x3  
  137  13:22  Mutalisk x4  
  137  13:23  Zergling x4  
  137  13:25  Drone  
  152  13:29  Zergling x2  
  152  13:30  Zergling x4  
  152  13:33  Baneling x8  
  152  13:34  Baneling x2  
  155  13:37  Drone x2  
  157  13:45  Mutalisk x2  
  157  13:46  Zergling x2  
  157  13:47  Zergling x6  
  157  13:53  Zergling x6  
  157  13:54  Zergling x4  
  162  13:56  Zergling x4  
  164  14:05  Overseer  
  127  14:17  Zergling x18  
  127  14:18  Zergling x8  
  127  14:22  Zergling x6  
  115  14:35  Zergling x4  
  115  14:36  Zergling x6  
  78  14:58  Zergling x2  
  59  15:03  Zergling x4  
  57  15:07  Zergling x6  
  58  15:21  Zergling x4  
  54  15:49  Zergling x6  
Show
View Real Time Build Order
Export as new Build Order

PtitDrogo Protoss - Winner!

Build Orders: 1 Gate Expand, Zealot Archon, Dark Templar Rush 

Get SALT Encoding   

  12  0:00  Probe (Chrono Boost)  
  13  0:11  Probe (Chrono Boost)  
  14  0:18  Pylon  
  14  0:22  Probe (Chrono Boost)  
  15  0:36  Probe (Chrono Boost)  
  15  0:39  Gateway  
  16  0:46  Probe (Chrono Boost)  
  16  0:47  Assimilator  
  18  0:57  Probe (Chrono Boost)  
  18  1:07  Probe (Chrono Boost)  
  19  1:22  Nexus  
  19  1:25  Probe (Chrono Boost)  
  20  1:34  Cybernetics Core  
  20  1:39  Probe (Chrono Boost)  
  21  1:43  Assimilator  
  21  1:50  Probe (Chrono Boost)  
  21  1:52  Pylon  
  22  2:00  Probe (Chrono Boost)  
  23  2:07  Adept  
  23  2:11  Warp Gate  
  23  2:12  Probe (Chrono Boost)  
  26  2:25  Mothership Core (Chrono Boost)  
  28  2:35  Probe (Chrono Boost)  
  29  2:43  Probe (Chrono Boost)  
  30  2:45  Probe (Chrono Boost), Twilight Council  
  31  2:53  Probe (Chrono Boost)  
  31  2:56  Probe (Chrono Boost)  
  33  3:02  Robotics Facility  
  33  3:04  Probe (Chrono Boost)  
  34  3:07  Probe (Chrono Boost)  
  35  3:14  Probe (Chrono Boost)  
  35  3:17  Probe (Chrono Boost)  
  37  3:22  Gateway  
  37  3:25  Probe (Chrono Boost)  
  37  3:26  Pylon  
  38  3:28  Dark Shrine  
  38  3:29  Probe (Chrono Boost)  
  39  3:35  Probe (Chrono Boost)  
  39  3:38  Gateway  
  39  3:39  Probe (Chrono Boost)  
  41  3:44  Gateway  
  41  3:47  Probe (Chrono Boost)  
  42  3:50  Probe (Chrono Boost)  
  42  3:51  Warp Prism  
  43  3:59  Probe (Chrono Boost)  
  43  4:00  Probe (Chrono Boost)  
  43  4:01  Assimilator  
  47  4:03  Assimilator  
  47  4:11  Probe (Chrono Boost)  
  48  4:19  Probe (Chrono Boost), Pylon  
  48  4:24  Nexus  
  49  4:28  Probe (Chrono Boost)  
  50  4:32  Probe (Chrono Boost)  
  52  4:40  Probe (Chrono Boost)  
  52  4:45  Dark Templar x3  
  58  4:46  Dark Templar  
  58  4:49  Probe (Chrono Boost), Archon  
  58  4:52  Archon  
  61  4:59  Pylon  
  62  5:00  Probe (Chrono Boost)  
  62  5:03  Pylon  
  62  5:08  Forge  
  62  5:18  Probe (Chrono Boost)  
  63  5:31  Probe (Chrono Boost)  
  63  5:32  Probe (Chrono Boost)  
  63  5:35  Dark Templar x4  
  69  5:36  Probe (Chrono Boost)  
  69  5:38  Protoss Ground Weapons Level 1  
  69  5:41  Probe (Chrono Boost)  
  75  5:43  Archon x2  
  75  5:46  Probe (Chrono Boost)  
  75  5:47  Probe (Chrono Boost)  
  75  5:48  Pylon  
  77  5:51  Pylon  
  77  5:52  Probe (Chrono Boost)  
  77  5:54  Immortal  
  83  5:57  Probe (Chrono Boost)  
  83  5:58  Probe (Chrono Boost)  
  83  6:02  Probe (Chrono Boost)  
  85  6:07  Zealot  
  85  6:08  Probe (Chrono Boost), Zealot x3  
  95  6:11  Probe (Chrono Boost)  
  95  6:12  Assimilator x2  
  95  6:15  Probe (Chrono Boost)  
  96  6:18  Charge  
  94  6:41  Immortal  
  94  7:01  Probe (Chrono Boost)  
  91  7:05  Zealot x4  
  91  7:06  Probe (Chrono Boost)  
  91  7:08  Gateway x2  
  92  7:09  Gateway  
  92  7:10  Probe (Chrono Boost), Gateway  
  92  7:13  Gateway  
  93  7:15  Gateway  
  93  7:20  Immortal  
  90  7:23  Protoss Ground Weapons Level 2, Probe (Chrono Boost)  
  90  7:25  Templar Archives  
  90  7:27  Gateway x2  
  90  7:29  Photon Cannon  
  90  7:30  Sentry x4  
  90  7:31  Pylon  
  90  7:32  Photon Cannon  
  90  7:35  Pylon  
  98  7:43  Pylon x2  
  95  7:54  Zealot  
  95  7:56  Zealot  
  95  7:57  Zealot  
  101  8:00  Zealot  
  101  8:04  Probe (Chrono Boost)  
  98  8:13  Probe (Chrono Boost)  
  98  8:15  Photon Cannon  
  98  8:17  Photon Cannon  
  98  8:18  Stalker x4  
  104  8:22  Stalker  
  106  8:32  Stalker x2  
  108  8:38  Probe (Chrono Boost), Stalker x2  
  113  8:42  Probe x2 (Chrono Boost)  
  113  8:44  Warp Prism  
  115  8:50  Probe (Chrono Boost)  
  115  8:53  Stalker  
  120  8:58  High Templar x4  
  128  9:03  Archon x2  
  128  9:11  Stalker x2  
  128  9:16  Probe (Chrono Boost)  
  134  9:18  Probe (Chrono Boost)  
  125  9:32  Blink  
  123  9:51  Stalker x9  
  123  9:52  Stalker x2  
  133  10:01  Zealot  
  135  10:19  High Templar x3  
  135  10:20  Nexus  
  141  10:24  Archon, Pylon  
  137  10:30  Zealot x2  
  127  10:47  High Templar x3  
  127  10:48  Probe (Chrono Boost), Zealot x3, High Templar  
  98  11:09  Zealot x3  
  98  11:10  Zealot x5  
  100  11:11  Photon Cannon  
  100  11:12  Photon Cannon  
  100  11:14  Photon Cannon  
  100  11:15  Archon  
  100  11:16  Archon  
  100  11:19  Stalker x2  
  104  11:26  High Templar x2  
  108  11:33  Pylon  
  108  11:36  Pylon  
  108  11:37  Stalker x2  
  110  11:45  Archon  
  110  11:47  Pylon  
  110  11:48  Pylon  
  110  11:50  Probe (Chrono Boost)  
  110  11:51  Probe x2 (Chrono Boost)  
  113  11:55  Stalker  
  115  12:02  High Templar x2  
  115  12:05  Assimilator  
  115  12:06  Pylon  
  115  12:07  Assimilator  
  119  12:08  Zealot  
  119  12:12  Stalker  
  119  12:14  Zealot  
  125  12:16  Zealot  
  124  12:32  Stalker x4  
  127  12:39  Archon  
  127  12:47  Probe (Chrono Boost)  
  127  12:50  Probe (Chrono Boost)  
  129  12:58  Stalker x4  
  129  12:59  Stalker x4  
  128  13:21  Stalker  
  128  13:22  Stalker x5  
  136  13:29  High Templar x4  
  136  13:33  Archon x2  
  142  13:34  High Templar x2  
  142  13:38  Probe (Chrono Boost)  
  142  13:40  Probe (Chrono Boost)  
  146  13:51  Archon  
  146  13:55  High Templar  
  146  13:56  Zealot x3, High Templar  
  156  14:08  Archon  
  130  14:19  High Templar x2  
  130  14:20  High Templar x2  
  127  14:24  Zealot  
  127  14:25  Archon x2  
  128  14:37  Stalker x3  
  79  15:52  Probe (Chrono Boost)  
  80  16:03  Probe (Chrono Boost)  
  81  16:13  Probe (Chrono Boost)  
  78  16:24  Probe (Chrono Boost)  
Tags
 
Add a new tag
Caveats
  • Supply blocks, unpowered buildings, or Contaminate may cause inaccurate times.
  • Supply counts are checked every 10 seconds.